 Dungeon Crawl Stone Soup version 0.16.1-7-g2c6721e (console) character file.

88 Monkaria the Slasher (level 4, -4/39 HPs)
             Began as a Minotaur Skald on Mar 29, 2015.
             Slain by a gnoll
             ... wielding a +0 spear
              (7 damage)
             ... on level 3 of the Dungeon.
             The game lasted 00:01:51 (1771 turns).

Monkaria the Slasher (Minotaur Skald)               Turns: 1771, Time: 00:01:51

Health: -4/39      AC:  3    Str: 17    XL:     4   Next: 30%
Magic:  1/4        EV: 11    Int:  9    God:
Gold:   82         SH:  0    Dex: 10    Spells: 1 memorised, 4 levels left

rFire  . . .     SeeInvis .     a - +0 falchion
rCold  . . .     Clarity  .     b - +0 leather armour
rNeg   . . .     SustAb   .     (no shield)
rPois  .         Gourm    .     (helmet restricted)
rElec  .         Spirit   .     (no cloak)
rCorr  .         Warding  .     (no gloves)
rMut   +         Stasis   .     (no boots)
MR     .....                    f - amulet of resist mutation
Stlth  +.........               (no ring)
                                (no ring)

@: infused (expiring), not resistant to hostile enchantments, very unstealthy
A: retaliatory headbutt, horns 2
a: no special abilities


You were on level 3 of the Dungeon.
You were not hungry.

You visited 1 branch of the dungeon, and saw 3 of its levels.

You collected 82 gold pieces.

Inventory:

Hand weapons
 a - a +0 falchion (weapon)
Armour
 b - a +0 leather armour (worn)
Jewellery
 f - an amulet of resist mutation (around neck)
Scrolls
 h - 2 scrolls of teleportation {unknown}
 i - 9 scrolls of identify {unknown}
 j - 4 scrolls of random uselessness {unknown}
 k - a scroll of fear {unknown}
 l - a scroll of blinking {unknown}
 m - a scroll of enchant armour {unknown}
 n - a scroll of amnesia {unknown}
 q - 2 scrolls of noise {unknown}
Potions
 e - a potion of heal wounds {unknown}
 g - a potion of restore abilities {unknown}
 o - a potion of poison {unknown}
Books
 c - a book of Battle

   Spells                             Type                      Level
   a - Infusion                       Charms                       1
   b - Shroud of Golubria             Charms/Translocation         2
   c - Song of Slaying                Charms                       2
   d - Spectral Weapon                Hexes/Charms                 3
   e - Regeneration                   Charms/Necromancy            3
Comestibles
 d - 2 bread rations
 p - 2 meat rations


   Skills:
 + Level 3.6 Fighting
 * Level 4.8 Long Blades
 - Level 1.2 Armour
 - Level 1.1 Dodging
 - Level 1.3 Spellcasting
 - Level 2.0 Charms


You had 4 spell levels left.
You knew the following spells:

 Your Spells              Type           Power        Failure   Level  Hunger
a - Infusion              Chrm           #.....       21%         1    ##.....


Dungeon Overview and Level Annotations

Branches:
Dungeon (3/15)

Altars:
Elyvilon


Innate Abilities, Weirdness & Mutations

You reflexively headbutt those who attack you in melee.
You have a pair of horns on your head.


Message History

You kill the gnoll!
The gnoll barely misses you. The gnoll misses you.
Things that are here:
a whip; a gnoll corpse You hit the gnoll.
The gnoll is lightly wounded.
The gnoll closely misses you.
You hit the gnoll!
The gnoll is heavily wounded.
The gnoll hits you with a spear!
* * * LOW HITPOINT WARNING * * *
You hit the gnoll.
The gnoll is almost dead.
The gnoll hits you with a spear.
* * * LOW HITPOINT WARNING * * *
Unknown command.
Your magical infusion is running out.
The gnoll hits you from afar with a spear!
You die...

###########
#...lgg)@?#
#..######.# #.# #####
#####.# ### #...#
#.....###.###...###
#.###.............###
#.#..............
#.##....).....##.
..###.###...####.


You could see 2 gnolls and a giant newt.

Vanquished Creatures
  An adder (D:2)
  2 gnolls (D:3)
  A worm (D:2)
  A giant gecko (D:3)
  2 oozes
  An orc (D:3)
  4 bats (D:1)
  5 goblins
  7 hobgoblins
  4 jackals
  6 kobolds
  A ball python (D:1)
  2 giant cockroaches
  5 giant newts
  2 quokkas (D:2)
  5 rats
49 creatures vanquished.

Notes
Turn   | Place    | Note
--------------------------------------------------------------
     0 | D:1      | Monkaria, the Minotaur Skald, began the quest for the Orb.
     0 | D:1      | Reached XP level 1. HP: 18/18 MP: 2/2
   104 | D:1      | Reached skill level 3 in Long Blades
   124 | D:1      | Reached XP level 2. HP: 22/25 MP: 2/2
   786 | D:2      | Reached XP level 3. HP: 31/31 MP: 3/3
   960 | D:2      | Reached skill level 4 in Long Blades
  1449 | D:2      | Found a white marble altar of Elyvilon.
  1666 | D:3      | Found a white marble altar of Elyvilon.
  1703 | D:3      | Reached XP level 4. HP: 28/38 MP: 4/4
  1771 | D:3      | Slain by a gnoll

Action                   |  1- 3 |  4- 6 || total
-------------------------+-------+-------++-------
Melee: Falchion          |   116 |    20 ||   136
 Cast: Infusion          |       |     1 ||     1
  Eat: Chunk             |     2 |     1 ||     3
